PAA
MYRTLE BEACH MERMEN @ RICHLAND RAILS
05/19/2022
 
TOP OF THE 1ST
Myrtle Beach Mermen batting - Pitching for Richland Rails : RHP Pedro Espinoza
Pitching: RHP Pedro Espinoza
Batting: RHB Matt Love 0-0: Ball
1-0: Swinging Strike
1-1: Ball
2-1: Fly out, F7 (Flyball, 7M)
Batting: LHB Arturo Acevedo 0-0: Ball
1-0: Ball
2-0: Called Strike
2-1: Called Strike
2-2: Fly out, F8 (Flyball, 8LM)
Batting: RHB Álex Rodríguez 0-0: Called Strike
0-1: Ball
1-1: Ball
2-1: Foul Ball, location: 2F
2-2: Foul Ball, location: 2F
2-2: Fly out, F9 (Flyball, 9D)
Top of the 1st over - 0 run(s), 0 hit(s), 0 error(s), 0 left on base; Myrtle Beach 0 - Richland 0
BOTTOM OF THE 1ST
Richland Rails batting - Pitching for Myrtle Beach Mermen : RHP Juan Martínez
Pitching: RHP Juan Martínez
Batting: LHB Roberto Madrid 0-0: Ball
1-0: SINGLE (Line Drive, 4D)
Batting: RHB Andrew Hall 0-0: Grounds into double play, 5-4-3 (Groundball, 56)
Batting: RHB Tony Justice 0-0: Ball
1-0: Called Strike
1-1: Ball
2-1: Swinging Strike
2-2: Strikes out swinging
Bottom of the 1st over - 0 run(s), 1 hit(s), 0 error(s), 0 left on base; Myrtle Beach 0 - Richland 0
TOP OF THE 2ND
Myrtle Beach Mermen batting - Pitching for Richland Rails : RHP Pedro Espinoza
Batting: RHB José Caballero 0-0: Called Strike
0-1: Ball
1-1: Fly out, F2 (Popup, 2LF)
Batting: LHB Joe Cashmore 0-0: SINGLE (Line Drive, 8LS)
Batting: RHB Javier Robles 0-0: Called Strike
0-1: Fly out, F8 (Flyball, 8RM)
Batting: SHB Val Brown 0-0: Foul Ball, location: 2F
0-1: Swinging Strike
0-2: Foul Ball, location: 2F
0-2: Strikes out swinging
Top of the 2nd over - 0 run(s), 1 hit(s), 0 error(s), 1 left on base; Myrtle Beach 0 - Richland 0
BOTTOM OF THE 2ND
Richland Rails batting - Pitching for Myrtle Beach Mermen : RHP Juan Martínez
Batting: RHB Gustavo Berrios 0-0: Called Strike
0-1: DOUBLE (Line Drive, 7D)
Batting: SHB Felipe Cisneros 0-0: Ball
Wild Pitch!
Gustavo Berrios to third
1-0: Fly out, F8 (Flyball, 78D)
Runner from 3rd tags up, SCORES, no throw
Batting: RHB Juan Martínez 0-0: Ball
1-0: Foul Ball, location: 2F
1-1: Swinging Strike
1-2: SINGLE (Line Drive, 7LM)
Batting: RHB Ramón Cruz 0-0: Ball
1-0: Foul Ball, location: 2F
1-1: Ball
2-1: SINGLE (Line Drive, 8LS)
Juan Martínez to second
Batting: SHB Jasper Otto 0-0: Ball
1-0: Called Strike
Juan Martínez steals 3rd base
Ramón Cruz to second
1-1: Foul Ball, location: 2F
1-2: Fly out, F5 (Popup, 25F)
Batting: RHB Francisco Avelleyra 0-0: Ball
1-0: Ball
2-0: Called Strike
2-1: Ball
3-1: SINGLE (Line Drive, 4D)
Juan Martínez scores
Ramón Cruz to third
Runner from 3rd tries for Home, SAFE, no throw or cutoff
Batting: LHB Roberto Madrid 0-0: Ball
1-0: Ball
2-0: Fielders Choice at 2nd, U4 (Groundball, 4M)
Bottom of the 2nd over - 3 run(s), 4 hit(s), 0 error(s), 1 left on base; Myrtle Beach 0 - Richland 3
TOP OF THE 3RD
Myrtle Beach Mermen batting - Pitching for Richland Rails : RHP Pedro Espinoza
Batting: RHB António Ruíz 0-0: Ball
1-0: Called Strike
1-1: Foul Ball, location: 2F
1-2: Foul Ball, location: 2F
1-2: SINGLE (Line Drive, 6M)
Batting: RHB Jorge Reyes 0-0: Ball
1-0: Ball
2-0: Called Strike
2-1: Called Strike
2-2: Strikes out looking
Batting: RHB Matt Love 0-0: Ground out U3 (Groundball, 3S)
António Ruíz to second
Batting: LHB Arturo Acevedo 0-0: Called Strike
0-1: Ball
1-1: Ball
2-1: Foul Ball, location: 2F
2-2: Fly out, F7 (Popup, 78S)
Top of the 3rd over - 0 run(s), 1 hit(s), 0 error(s), 1 left on base; Myrtle Beach 0 - Richland 3
BOTTOM OF THE 3RD
Richland Rails batting - Pitching for Myrtle Beach Mermen : RHP Juan Martínez
Batting: RHB Andrew Hall 0-0: Foul Ball, location: 2F
0-1: Ball
1-1: Called Strike
1-2: Strikes out swinging
Batting: RHB Tony Justice 0-0: Ball
1-0: Swinging Strike
1-1: Foul Ball, location: 2F
1-2: Strikes out looking
Batting: RHB Gustavo Berrios 0-0: Ball
1-0: Ball
2-0: Called Strike
2-1: SINGLE (Flyball, 8LS)
Batting: SHB Felipe Cisneros 0-0: Ball
1-0: Foul Ball, location: 2F
1-1: Foul Ball, location: 2F
1-2: SINGLE (Groundball, 4MD)
Gustavo Berrios to second
Gustavo Berrios to third
Batting: RHB Juan Martínez 0-0: Called Strike
0-1: DOUBLE (Line Drive, 5L)
Gustavo Berrios scores
Felipe Cisneros to third
Runner from 3rd tries for Home, SAFE, throw made home
Batting: RHB Ramón Cruz 0-0: Ball
1-0: Fly out, F3 (Popup, 3F)
Bottom of the 3rd over - 2 run(s), 3 hit(s), 0 error(s), 1 left on base; Myrtle Beach 0 - Richland 5
TOP OF THE 4TH
Myrtle Beach Mermen batting - Pitching for Richland Rails : RHP Pedro Espinoza
Batting: RHB Álex Rodríguez 0-0: Foul Ball, location: 2F
0-1: Called Strike
0-2: Foul Ball, location: 2F
0-2: Foul Ball, location: 2F
0-2: Strikes out swinging
Batting: RHB José Caballero 0-0: Ball
1-0: Ball
2-0: Swinging Strike
2-1: Called Strike
2-2: Strikes out swinging
Batting: LHB Joe Cashmore 0-0: Fly out, F8 (Flyball, 8LS)
Top of the 4th over - 0 run(s), 0 hit(s), 0 error(s), 0 left on base; Myrtle Beach 0 - Richland 5
BOTTOM OF THE 4TH
Richland Rails batting - Pitching for Myrtle Beach Mermen : RHP Juan Martínez
Batting: SHB Jasper Otto 0-0: Called Strike
0-1: Ball
1-1: Called Strike
1-2: Strikes out looking
Batting: RHB Francisco Avelleyra 0-0: Foul Ball, location: 2F
0-1: Ball
1-1: Ball
2-1: SINGLE (Line Drive, 56D)
Batting: LHB Roberto Madrid 0-0: Swinging Strike
0-1: Fly out, F9 (Flyball, 89M)
Batting: RHB Andrew Hall 0-0: Ball
1-0: Called Strike
1-1: Ball
2-1: Called Strike
2-2: Foul Ball, location: 2F
2-2: Ball
3-2: Ground out 6-3 (Groundball, 6)
Bottom of the 4th over - 0 run(s), 1 hit(s), 0 error(s), 1 left on base; Myrtle Beach 0 - Richland 5
TOP OF THE 5TH
Myrtle Beach Mermen batting - Pitching for Richland Rails : RHP Pedro Espinoza
Batting: RHB Javier Robles 0-0: Ball
1-0: Fly out, F3 (Popup, 3F)
Batting: SHB Val Brown 0-0: Swinging Strike
0-1: Ball
1-1: Called Strike
1-2: Ball
2-2: Ball
3-2: Strikes out swinging
Batting: RHB António Ruíz 0-0: Fly out, F6 (Popup, 6M)
Top of the 5th over - 0 run(s), 0 hit(s), 0 error(s), 0 left on base; Myrtle Beach 0 - Richland 5
BOTTOM OF THE 5TH
Richland Rails batting - Pitching for Myrtle Beach Mermen : RHP Juan Martínez
Batting: RHB Tony Justice 0-0: Foul Ball, location: 2F
0-1: Ball
1-1: Ball
2-1: SINGLE (Groundball, 56D)
Batting: RHB Gustavo Berrios 0-0: Ball
1-0: Ball
2-0: Foul Ball, location: 2F
2-1: Ball
3-1: Foul Ball, location: 2F
3-2: DOUBLE (Flyball, 89M)
Tony Justice to third
Runner from 3rd tries for Home, SAFE, no throw or cutoff
Pitching: LHP Russ Garman
Batting: SHB Felipe Cisneros 0-0: Called Strike
0-1: Called Strike
0-2: SINGLE (Flyball, 8LS)
Gustavo Berrios to third
Batting: RHB Juan Martínez 0-0: Ball
1-0: Ball
2-0: Ball
3-0: Base on Balls
Felipe Cisneros to second
Batting: RHB Ramón Cruz 0-0: Ball
1-0: SINGLE (Groundball, 34D)
Gustavo Berrios scores
Felipe Cisneros to third
Juan Martínez to second
Runner from 3rd tries for Home, SAFE, throw made home
Juan Martínez to third
Ramón Cruz to second
Batting: SHB Jasper Otto 0-0: Ball
1-0: Foul Ball, location: 2F
1-1: Ball
2-1: Foul Ball, location: 2F
2-2: Strikes out swinging
Batting: RHB Francisco Avelleyra 0-0: Swinging Strike
0-1: Fly out, F8 (Flyball, 8LD)
Runner from 3rd tags up, SCORES, no throw
Ramón Cruz to third
Batting: LHB Roberto Madrid 0-0: Foul Ball, location: 2F
0-1: Ball
1-1: SINGLE (Groundball, 4MD)
Ramón Cruz scores
Pitching: LHP Héctor Ocampo
Batting: RHB Andrew Hall 0-0: Fly out, F8 (Flyball, 8RD)
Bottom of the 5th over - 5 run(s), 5 hit(s), 0 error(s), 1 left on base; Myrtle Beach 0 - Richland 10
TOP OF THE 6TH
Myrtle Beach Mermen batting - Pitching for Richland Rails : RHP Pedro Espinoza
Batting: RHB Jorge Reyes 0-0: Ball
1-0: Ball
2-0: Ball
3-0: Called Strike
3-1: Fly out, F3 (Popup, 3)
Batting: RHB Matt Love 0-0: Fly out, F2 (Popup, 25F)
Batting: LHB Arturo Acevedo 0-0: Fly out, F9 (Flyball, 9D)
Top of the 6th over - 0 run(s), 0 hit(s), 0 error(s), 0 left on base; Myrtle Beach 0 - Richland 10
BOTTOM OF THE 6TH
Richland Rails batting - Pitching for Myrtle Beach Mermen : LHP Héctor Ocampo
Batting: RHB Tony Justice 0-0: Called Strike
0-1: Swinging Strike
0-2: Ball
1-2: Strikes out swinging
Batting: RHB Gustavo Berrios 0-0: Foul Ball, location: 2F
0-1: Called Strike
0-2: Fly out, F9 (Flyball, 9LS)
Batting: SHB Felipe Cisneros 0-0: Ball
1-0: Ball
2-0: Foul Ball, location: 2F
2-1: Ball
3-1: Base on Balls
Batting: RHB Juan Martínez 0-0: Ball
1-0: Ball
2-0: Ball
3-0: Base on Balls
Felipe Cisneros to second
Batting: RHB Ramón Cruz 0-0: Ball
1-0: Called Strike
1-1: Ball
2-1: Ball
3-1: Called Strike
3-2: Foul Ball, location: 2F
3-2: Foul Ball, location: 2F
3-2: Foul Ball, location: 2F
3-2: SINGLE (Groundball, 15S) (infield hit)
Felipe Cisneros to third
Juan Martínez to second
Batting: SHB Jasper Otto 0-0: Foul Ball, location: 2F
0-1: Foul Ball, location: 2F
0-2: Ball
1-2: Strikes out swinging
Bottom of the 6th over - 0 run(s), 1 hit(s), 0 error(s), 3 left on base; Myrtle Beach 0 - Richland 10
TOP OF THE 7TH
Myrtle Beach Mermen batting - Pitching for Richland Rails : RHP Pedro Espinoza
Batting: RHB Álex Rodríguez 0-0: Ball
1-0: SINGLE (Groundball, 56D)
Batting: RHB José Caballero 0-0: Foul Ball, location: 2F
0-1: Foul Ball, location: 2F
0-2: Strikes out swinging
Batting: LHB Joe Cashmore 0-0: Ball
1-0: Foul Ball, location: 2F
1-1: Ball
2-1: Grounds into double play, 3-6-3 (Groundball, 3)
Top of the 7th over - 0 run(s), 1 hit(s), 0 error(s), 0 left on base; Myrtle Beach 0 - Richland 10
BOTTOM OF THE 7TH
Richland Rails batting - Pitching for Myrtle Beach Mermen : LHP Héctor Ocampo
Batting: RHB Francisco Avelleyra 0-0: Ball
1-0: DOUBLE (Flyball, 78XD)
Batting: LHB Roberto Madrid 0-0: Called Strike
0-1: Ball
1-1: Foul Ball, location: 2F
1-2: Foul Ball, location: 2F
1-2: Fly out, F8 (Flyball, 8LM)
Runner from 2nd tags up, OUT at 3rd
Batting: RHB Andrew Hall 0-0: Ball
1-0: Ball
2-0: Ball
3-0: Called Strike
3-1: Called Strike
3-2: Base on Balls
Batting: RHB Tony Justice 0-0: Called Strike
0-1: Called Strike
0-2: Ball
1-2: Fly out, F8 (Flyball, 8RXD)
Bottom of the 7th over - 0 run(s), 1 hit(s), 0 error(s), 1 left on base; Myrtle Beach 0 - Richland 10
TOP OF THE 8TH
Myrtle Beach Mermen batting - Pitching for Richland Rails : RHP Pedro Espinoza
Batting: RHB Javier Robles 0-0: DOUBLE (Flyball, 9LD)
Batting: SHB Val Brown 0-0: Called Strike
0-1: Ball
1-1: Swinging Strike
1-2: SINGLE (Groundball, 5D)
Javier Robles to third
Runner from 3rd tries for Home, SAFE, throw made home
Val Brown to second
Batting: RHB António Ruíz 0-0: Ball
1-0: Called Strike
1-1: Foul Ball, location: 2F
1-2: Ball
2-2: Ground out 5-3 (Groundball, 56S)
Val Brown to third
Pinch Hitting: SHB Avery Little 0-0: Ground out 4-3 (Groundball, 34)
Val Brown scores
Batting: RHB Matt Love 0-0: Called Strike
0-1: Ball
1-1: Fly out, F3 (Popup, 3F)
Top of the 8th over - 2 run(s), 2 hit(s), 0 error(s), 0 left on base; Myrtle Beach 2 - Richland 10
BOTTOM OF THE 8TH
Richland Rails batting - Pitching for Myrtle Beach Mermen : LHP Héctor Ocampo
Now at 2B: Jim Unknown
Now in RF: Avery Little
Batting: RHB Gustavo Berrios 0-0: Ball
1-0: Foul Ball, location: 2F
1-1: Ball
2-1: Ground out 6-3 (Groundball, 6)
Pitching: RHP Andrés Ventura
Batting: SHB Felipe Cisneros 0-0: Ball
1-0: Called Strike
1-1: Foul Ball, location: 2F
1-2: Fly out, F5 (Popup, 7LSF)
Batting: RHB Juan Martínez 0-0: Ball
1-0: Fly out, F5 (Popup, 25F)
Bottom of the 8th over - 0 run(s), 0 hit(s), 0 error(s), 0 left on base; Myrtle Beach 2 - Richland 10
TOP OF THE 9TH
Myrtle Beach Mermen batting - Pitching for Richland Rails : RHP Pedro Espinoza
Now at C: Jack Davis
Batting: LHB Arturo Acevedo 0-0: Ball
1-0: Ball
2-0: Foul Ball, location: 2F
2-1: Ball
3-1: Foul Ball, location: 2F
3-2: Strikes out swinging
Batting: RHB Álex Rodríguez 0-0: Ground out 5-3 (Groundball, 5L)
Batting: RHB José Caballero 0-0: Ball
1-0: Foul Ball, location: 2F
1-1: Ball
2-1: Foul Ball, location: 2F
2-2: Foul Ball, location: 2F
2-2: Foul Ball, location: 2F
2-2: Ground out 5-3 (Groundball, 5)
Top of the 9th over - 0 run(s), 0 hit(s), 0 error(s), 0 left on base; Myrtle Beach 2 - Richland 10
This league is powered by Out of the Park Baseball, the baseball management simulation game for PC, Mac and Linux
Friday, April 15th, 2016 - OOTP Baseball 16.9 Build 39